 Dungeon Crawl Stone Soup version 0.26.0-16-gc1dbca0489 (webtiles) character file.

Game seed: 8330754164120555097

299 Descartes the Conjurer (level 6, -5/34 HPs)
             Began as a Deep Elf Wanderer on Jan 18, 2021.
             Was an Initiate of Gozag.
             Killed by divine providence
             ... invoked by an orc priest
              (16 damage)
             ... on level 4 of the Dungeon.
             The game lasted 00:10:35 (5088 turns).

Descartes the Conjurer (Deep Elf Wanderer)          Turns: 5088, Time: 00:10:36

Health: -5/34      AC:  2    Str: 10    XL:     6   Next: 13%
Magic:  9/15       EV: 11    Int: 19    God:    Gozag
Gold:   123        SH:  0    Dex: 13    Spells: 13/15 levels left

rFire    . . .     SeeInvis .   a - +0 hand axe
rCold    . . .     Faith    .   (no shield)
rNeg     . . .     Spirit   .   d - +0 robe
rPois    .         Reflect  .   (no helmet)
rElec    .         Harm     .   (no cloak)
rCorr    .         Rampage  .   (no gloves)
Will     +....     Rnd*Tele +   (no boots)
Stlth    +++.......             (no amulet)
HPRegen  0.11/turn              g - ring of willpower
MPRegen  0.14/turn              o - ring of teleportation (curse)

@: gold aura
A: no striking features
a: Renounce Religion, Potion Petition, Call Merchant, Bribe Branch


You were on level 4 of the Dungeon.
You worshipped Gozag.
Gozag was aware of your devotion.
You visited 1 branch of the dungeon, and saw 4 of its levels.

You collected 152 gold pieces.
You paid 29 gold pieces to Gozag.

Inventory:

Hand Weapons
 a - a +0 hand axe (weapon)
Missiles
 e - 111 stones (quivered)
 j - 46 arrows
 k - 2 throwing nets
 n - 2 poisoned darts
Armour
 d - a +0 robe (worn)
Jewellery
 g - a ring of willpower (left hand)
 o - a cursed ring of teleportation (right hand)
Scrolls
 b - 2 scrolls of identify
 f - 2 scrolls of amnesia
 h - a scroll of enchant weapon
 l - a scroll of remove curse
 m - a scroll of enchant armour
Potions
 c - 2 potions of might
 i - a potion of lignification


   Skills:
 - Level 1.5 Fighting
 - Level 1.0 Armour
 + Level 0.6 Dodging
 - Level 5.0 Stealth
 - Level 5.0 Spellcasting
 - Level 5.0 Conjurations
 - Level 1.1 Summonings
 + Level 1.1 Evocations


You had 13 spell levels left.
You knew the following spells:

 Your Spells              Type           Power        Failure   Level
a - Magic Dart            Conj           92%          1%          1
b - Summon Small Mammal   Summ           32%          8%          1

Your spell library contained the following spells:

 Spells                   Type           Power        Failure   Level
 Call Imp                 Summ           8%           12%         2
 Conjure Flame            Conj/Fire      14%          13%         3
 Blink                    Tloc           N/A          19%         2
 Slow                     Hex            4%           19%         2
 Mephitic Cloud           Conj/Pois/Air  11%          19%         3
 Summon Guardian Golem    Hex/Summ       6%           30%         3


Dungeon Overview and Level Annotations

Branches:
Dungeon (4/15)
 Temple: D:4-7

Altars:
Gozag
Ru
Sif Muna


Message History

Casting: Magic Dart (safe; 1% risk of failure)
Confirm with . or Enter, or press ? or * to list all spells.
Aiming: Magic Dart (safe; 1% risk of failure)
Press: ? - help, Shift-Dir - straight line, f/p - orc wizard
Aim: an orc wizard, wielding a +0 dagger and wearing a +0 robe (moderately wounded, fast, 0% to evade)
The magic dart hits the orc wizard.
The orc wizard is severely wounded.
The orc wizard closely misses you.
The orc priest calls upon Beogh to heal the orc wizard.
The orc wizard is healed somewhat.
The orc wizard miscasts a cantrip.
The orc wizard hits you but does no damage.
The orc wizard hits you with a +0 dagger.
The orc wizard hits you with a +0 dagger.
The orc priest begins to cast a cantrip, but forgets the words!
The orc wizard hits you with a +0 dagger.
The orc priest invokes the aid of Beogh against you.
Beogh smites you!
You die...
Your body crumbles into a pile of gold.

## ##.....# #.
....#.## #.
#.#.#..# #.
#.#....# #.
#...#..# #.
#......#
######.###.#.#..#
......>@o.......#
##.#.###.#o#.#..#
..........#
#.#.#.#.#..#
.........$..#
..#.##....#..#
.....#.......##
.#.# ....#.#.#
.... ..#


You could see an orc priest and an orc wizard (fast).

Vanquished Creatures
  A howler monkey (D:3)
  An orc wizard (D:3)
  A worker ant (D:3)
  Terence (D:2)
  A howler monkey zombie (D:2)
  7 gnolls
  4 adders
  2 oozes
  A worm (D:2)
  A dart slug (D:1)
  3 leopard geckos
  3 orcs
  2 giant cockroaches (D:1)
  9 goblins
  5 hobgoblins
  5 kobolds
  A quokka (D:2)
  3 ball pythons
  5 bats
  3 frilled lizards (D:1)
  11 rats
70 creatures vanquished.

Vanquished Creatures (collateral kills)
  A bat (D:2)
1 creature vanquished.

Grand Total: 71 creatures vanquished

Notes
Turn   | Place    | Note
-------+----------+-------------------------------------------
     0 | D:1      | Descartes the Deep Elf Wanderer began the quest for the
                  | Orb.
     0 | D:1      | Descartes set off with the following items: a +0 hand axe,
                  | a +0 robe; and the following spells available to memorise:
                  | Magic Dart, Summon Small Mammal, Call Imp, Blink, Slow,
                  | Conjure Flame, Summon Guardian Golem, Mephitic Cloud
     0 | D:1      | Reached XP level 1. HP: 12/12 MP: 7/7
     2 | D:1      | Learned a level 1 spell: Magic Dart
     4 | D:1      | Learned a level 1 spell: Summon Small Mammal
   255 | D:1      | Reached XP level 2. HP: 16/16 MP: 3/9
   834 | D:1      | Reached XP level 3. HP: 20/20 MP: 7/10
  1863 | D:2      | Reached XP level 4. HP: 25/25 MP: 9/12
  2395 | D:2      | Noticed Terence
  2624 | D:2      | HP: 1/25 [Terence/+0 trident (7)]
  3026 | D:2      | Reached skill level 5 in Conjurations
  3291 | D:2      | Killed Terence
  3533 | D:2      | Reached skill level 5 in Spellcasting
  3533 | D:2      | Reached XP level 5. HP: 29/29 MP: 8/14
  4383 | D:3      | Found a sacrificial altar of Ru.
  4463 | D:3      | Found an opulent altar of Gozag.
  4468 | D:3      | Reached XP level 6. HP: 34/34 MP: 13/15
  4473 | D:3      | Became a worshipper of Gozag Ym Sagoz the Greedy
  4707 | D:3      | Reached skill level 5 in Stealth
  4921 | D:3      | Found a shimmering blue altar of Sif Muna.
  5088 | D:4      | Killed from afar by an orc priest

Illustrated notes

Levels and vault maps discovered:
D:1:      ebering_trefoil_twist, layout_loops_corners, hex_medium
D:2:      layout_rooms, uniq_terence
D:3:      layout_basic, nicolae_overflow_hidden_temple,
          nicolae_gozag_seed_capital, marbit_many_paths, grunt_decor_arrowhead
D:4:      layout_basic, lemuel_doored_altar,
          chequers_temple_overflow_statue_of_worship,
          lemuel_zombie_altar_yredelemnul, nicolae_ossuary_entry_plus,
          serial_shops, kennysheep_mini_moat, hangedman_decor_riveting

Skill      XL: |  1  2  3  4  5  6 |
---------------+-------------------+-----
Conjurations   | 2 3 4 5 |  5.0
Spellcasting   | 5 |  5.0
Stealth        | 4 5 |  5.0
Fighting       | |  1.5
Armour         | |  1.0
Dodging        | |  0.6
Summonings     | |  1.1
Evocations     | |  1.1

Action                   |  1- 3 |  4- 6 || total
-------------------------+-------+-------++-------
Melee: Hand axe          |    11 |     6 ||    17
 Cast: Magic Dart        |    90 |   126 ||   216
       Summon Small Mamm |       |    49 ||    49
  Use: Scroll            |     5 |     2 ||     7
Armor: Robe              |     4 |     3 ||     7
Dodge: Dodged            |    17 |    49 ||    66
